 Dungeon Crawl Stone Soup version 0.27-a0-1595-g0b823d0a13 (webtiles) character file.

Game seed: 3724998662349558053

65 ezpacito the Skirmisher (level 3, 0/29 HPs)
             Began as a Demonspawn Abyssal Knight on July 20, 2021.
             Was a Believer of Lugonu.
             Slain by Robin (5 damage)
             ... on level 2 of the Dungeon.
             The game lasted 00:05:43 (2983 turns).

ezpacito the Skirmisher (Demonspawn Abyssal Knight) Turns: 2983, Time: 00:05:44

Health: 0/29       AC:  4    Str: 12    XL:     3   Next: 92%
Magic:  1/5        EV: 11    Int: 15    God:    Lugonu [**....]
Gold:   66         SH:  0    Dex: 13    Spells: 0/3 levels left

rFire    . . .     SeeInvis .   a - +1 hand axe
rCold    . . .     Faith    .   (no shield)
rNeg     . . .     Spirit   .   b - +1 leather armour
rPois    .         Reflect  .   (no helmet)
rElec    .         Harm     .   (no cloak)
rCorr    .         Rampage  .   (no gloves)
Will     .....                  (no boots)
Stlth    +.........             (no amulet)
HPRegen  0.09/turn              (no ring)
MPRegen  0.09/turn              (no ring)

@: no status effects
A: big brain 1
a: Renounce Religion, Depart the Abyss, Bend Space


You were on level 2 of the Dungeon.
You worshipped Lugonu.
Lugonu was pleased with you.
You visited 1 branch of the dungeon, and saw 2 of its levels.
You visited the Abyss 1 time.

You collected 66 gold pieces.

Inventory:

Hand Weapons
 a - a +1 hand axe (weapon)
Missiles
 d - 38 stones (quivered)
Armour
 b - a +1 leather armour (worn)
Scrolls
 c - a scroll of blinking
Potions
 e - a potion of might {unknown}


   Skills:
 + Level 3.2 Fighting
 * Level 2.5 Axes
 + Level 0.0 Throwing
 + Level 2.1 Armour
 + Level 1.5 Dodging
 + Level 0.8 Spellcasting
 + Level 3.0 Invocations


You couldn't memorise any spells.
You knew the following spells:

 Your Spells              Type           Power      Damage    Failure   Level
a - Corona                Hex            0%         N/A       32%         1
b - Ensorcelled Hibernat  Hex/Ice        0%         N/A       43%         2

Your spell library contained the following spells:

 Spells                   Type           Power      Damage    Failure   Level
 Tukima's Dance           Hex            0%         N/A       67%         3


Dungeon Overview and Level Annotations

Branches:
Dungeon (2/15)

Altars:

Annotations:
D:2 Robin


Innate Abilities, Weirdness & Mutations

You have an unusually large brain. (Int +2)


Message History

You start resting.
Robin is nearby!
You aren't carrying any items that you can evoke.
A hobgoblin comes into view.
Cast which spell? (? or * to list)
The spell is quite dangerous to cast (43% risk of failure)!
Continue anyway?
Aiming: Ensorcelled Hibernation (quite dangerous; 43% risk of failure)
Press: ? - help, Shift-Dir - straight line, f - Robin
Aim: Robin, wielding a +3 dagger of flaming, wearing a +0 ring mail and wearing a +0 helmet (chance to affect: 41%) Robin resists with some effort.
The hobgoblin shouts!
The hobgoblin no longer looks unusually strong.
Robin barely misses you.
Casting: Ensorcelled Hibernation (quite dangerous; 43% risk of failure)
Confirm with . or Enter, or press ? or * to list all spells.
The spell is quite dangerous to cast (43% risk of failure)!
Continue anyway?
Uppercase [Y]es or [N]o only, please.
The spell is quite dangerous to cast (43% risk of failure)!
Continue anyway?
Aiming: Ensorcelled Hibernation (quite dangerous; 43% risk of failure)
Press: ? - help, Shift-Dir - straight line, f/p - Robin
Aim: Robin, wielding a +3 dagger of flaming, wearing a +0 ring mail and wearing a +0 helmet (chance to affect: 41%) Robin resists with some effort.
Robin roars a battlecry!
The hobgoblin goes into a battle-frenzy!
You hit Robin but do no damage.
Robin hits you with a +3 dagger of flaming.
Robin burns you. Robin misses you.
You hit Robin.
Robin is lightly wounded.
Robin completely misses you.
You hit Robin.
Robin is moderately wounded.
Robin hits you with a +3 dagger of flaming.
* * * LOW HITPOINT WARNING * * *
Robin burns you.
* * * LOW HITPOINT WARNING * * *
You hit Robin but do no damage.
Robin is moderately wounded.
Robin hits you with a +3 dagger of flaming.
You die...

########......# #..#.....)####.
#........###### ##.#.....)))##)
#........# ####......)<#....
#....†...# #..........).#.).
#........# ######.##†............
#.......[###.....................
#.................##.............
#.............###.##..........#..
#.............#.@.##.########....
#........†....#g####.# ###......
#####.##......#w# #.. ..........
#.........#r# ## ..###......
##........#g# #......
#...........# #......
#..........## ........
#..........# #.#......
#........... .........


You could see Robin, a dart slug, a hobgoblin (strong) and a rat.

Vanquished Creatures
  2 worms (D:2)
  4 endoplasms
  A giant cockroach (D:2)
  9 hobgoblins
  4 jackals (D:1)
  3 kobolds (D:1)
  5 quokkas
  3 ball pythons
  A bat (D:2)
  5 frilled lizards
  11 goblins
  2 rats
50 creatures vanquished.

Notes
Turn   | Place    | Note
-------+----------+-------------------------------------------
     0 | Abyss:1  | ezpacito the Demonspawn Abyssal Knight began the quest for
                  | the Orb.
     0 | Abyss:1  | Reached XP level 1. HP: 18/18 MP: 2/2
    59 | Abyss:1  | Noticed a neqoxec
    69 | Abyss:1  | Noticed a dire elephant zombie
    69 | Abyss:1  | Noticed a bone dragon
    71 | D:1      | Escaped the Abyss
   252 | D:1      | Reached skill level 1 in Dodging
   371 | D:1      | Reached * piety under Lugonu
   372 | D:1      | Gained mutation: You have an unusually large brain. (Int
                  | +2) [demonic ancestry]
   372 | D:1      | Reached XP level 2. HP: 24/24 MP: 3/3
   895 | D:1      | Reached XP level 3. HP: 19/29 MP: 5/5
  2205 | D:2      | Noticed Robin
  2214 | D:2      | HP: 1/29 [Robin (2)]
  2754 | D:1      | Learned a level 1 spell: Corona
  2757 | D:1      | Learned a level 2 spell: Ensorcelled Hibernation
  2920 | D:2      | Reached ** piety under Lugonu
  2983 | D:2      | Slain by Robin

Illustrated notes

Levels and vault maps discovered:
D:1:      dpeg_arrival_round_b, layout_loops_ring
D:2:      layout_rooms, uniq_robin

Skill      XL: |  1  2  3 |
---------------+----------+-----
Dodging        | 1 |  1.5
Axes           | 2 |  2.5
Armour         | 2 |  2.1
Invocations    | 3 |  3.0
Fighting       | |  3.2
Spellcasting   | |  0.8

Action                   || total
-------------------------++-------
Melee: Hand axe          ||   181
 Cast: Ensorcelled Hiber ||     2
Invok: Depart the Abyss  ||     1
  Use: Scroll            ||     6
       Potion            ||     5
Armor: Leather armour    ||    49
Dodge: Dodged            ||   121

Table legend: (Time is in decaauts)
 A = Elapsed time spent in this place.
 B = Non-inter-level travel time spent in this place.
 C = Inter-level travel time spent in this place.
 D = Time resting spent in this place.
 E = Time spent auto-exploring this place.
 F = Levels seen in this place.
 G = Mean time per level.
                   A        B        C        D        E       F      G
               +--------+--------+--------+--------+--------+-----+--------+
         Total |   3003 |   2969 |     34 |   1337 |   1117 |   3 | 1001.0 |
       Dungeon |   2932 |   2898 |     34 |   1337 |   1058 |   2 | 1466.0 |
         Abyss |     71 |     71 |      0 |      0 |     59 |   1 |   71.0 |
               +--------+--------+--------+--------+--------+-----+--------+

Top non-repeatable levels by time:
     D:1: 2548 daAuts
     D:2: 384 daAuts
 Abyss:1: 71 daAuts
